AoeStats
← Kabel

Arabia

505645620Analyzed
1v1 RM · 22d ago on Sep 10, 2026· 30m 0s· 2 players
Game mode
Random Map
Map size
Tiny (2 player)
Population
200
Speed
Normal
Resources
Standard
Victory
Conquest
Starting age
Dark Age
Ending age
Imperial Age
RankedLock teamsTeams togetherTeam positionsShared explorationLock speedFull tech treeHidden civsTurbo modeCheats
Victory
Defeat
🇬🇧 Magyars · United Kingdom
939
+16
🇪🇸 Lithuanians · Spain
941
-16
Joe
7:43 Loom
10:07 Feudal Age
10:43 Double-Bit Axe
10:40 Horse Collar
18:51 Wheelbarrow
20:44 Castle Age
20:00 Fletching
21:24 Gold Mining
22:43 Bodkin Arrow
24:01 Gold Shaft Mining
24:40 Bow Saw
25:20 Husbandry
25:24 Padded Archer Armor
29:00 Leather Archer Armor
29:45 Thumb Ring
Kabel
6:25 Loom
10:10 Feudal Age
10:56 Horse Collar
11:09 Double-Bit Axe
11:26 Horse Collar
15:29 Wheelbarrow
16:36 Town Watch
20:53 Scale Mail Armor
21:03 Forging
20:44 Fletching
23:43 Castle Age
22:39 Bloodlines
23:15 Forging
23:48 Scale Barding Armor
24:19 Stone Mining
26:33 Stone Shaft Mining
26:11 Husbandry
27:05 Chain Barding Armor
27:20 Iron Casting
Connection lost

Rejoining the realm…

Still unreachable

The connection could not be restored.

Session expired

The server has moved on; the page needs a fresh start.